 Dungeon Sprint DCSS version 0.17-a0-1691-g18a3847 (webtiles) character file.

24342 Kidiri the Imperceptible (level 12, -2/51 HPs)
             Began as a Spriggan Enchanter on Aug 20, 2015.
             Was the Champion of Dithmenos.
             Killed from afar by an ice dragon (39 damage)
             ... with a blast of cold
             ... in the Dungeon (Sprint VII: "The Pits").
             The game lasted 00:19:27 (4156 turns).

Kidiri the Imperceptible (Spriggan Enchanter)       Turns: 4156, Time: 00:19:28

Health: -2/51      AC:  6    Str:  4    XL:     12   Next: 79%
Magic:  12/34      EV: 38    Int: 22    God:    Dithmenos [******]
Gold:   15         SH:  0    Dex: 22    Spells: 5 memorised, 33 levels left

rFire  . . .     SeeInvis +     u - +4 rapier (distort)
rCold  . . .     Clarity  .     A - +1 robe {rN+}
rNeg   + . .     SustAt   .     (shield restricted)
rPois  .         Gourm    .     b - +0 mask of the Dragon {MR+ Slay+3 SInv}
rElec  .         Spirit   .     a - +2 cloak
rCorr  .         Warding  .     (gloves unavailable)
rMut   .         NoTele   +     (boots unavailable)
MR     +++..                    (no amulet)
Stlth  ++++++++++               q - +3 ring of intelligence
                                p - +3 ring of dexterity

@: wreathed by umbra, very quick, extremely resistant to hostile enchantments,
uncannily stealthy
A: unfitting armour, see invisible, herbivore 3, speed 3, slow metabolism 2
a: Shadow Step, Shadow Form, Renounce Religion


You were in the Dungeon.
You worshipped Dithmenos.
Dithmenos was exalted by your worship.
You were not hungry.

You visited 1 branch You collected 15 gold pieces.

Inventory:

Hand weapons
 u - a +4 rapier of distortion (weapon)
Armour
 a - a +2 cloak (worn)
 b - the +0 mask of the Dragon (worn) {MR+ Slay+3 SInv}
   (You found it in the Dungeon)

   It affects your accuracy and damage with ranged weapons and melee attacks
   (+3).
   It affects your resistance to hostile enchantments.
   It lets you see invisible.
 A - a +1 robe of positive energy (worn)
Jewellery
 p - a +3 ring of dexterity (left hand)
 q - a +3 ring of intelligence (right hand)
 x - an uncursed ring of poison resistance
Scrolls
 j - a scroll of blinking
 l - 4 scrolls of remove curse
 m - 6 scrolls of amnesia
 n - a scroll of summoning
 v - 4 scrolls of identify
 w - a scroll of magic mapping
 y - 3 scrolls of fog
 z - a scroll of recharging
Potions
 c - a potion of cancellation {unknown}
 e - 2 potions of invisibility
 f - 11 potions of heal wounds
 g - a potion of haste
 h - 3 potions of magic
 i - 4 potions of berserk rage
 o - 9 potions of curing
 r - a potion of might
 s - 3 potions of brilliance
 t - a potion of cure mutation
 C - 2 potions of resistance
Comestibles
 d - 7 bread rations
 k - 40 fruits


   Skills:
 + Level 11.9 Short Blades
 * Level 20.0 Dodging
 * Level 21.4 Stealth
 * Level 17.3 Spellcasting
 + Level 8.2 Conjurations
 + Level 12.9 Hexes
 + Level 9.3 Ice Magic
 - Level 5.7 Invocations


You had 33 spell levels left.
You knew the following spells:

 Your Spells              Type           Power        Failure   Level  Hunger
a - Corona                Hex            ######.      0%          1    None
b - Ensorcelled Hibernat  Hex/Ice        ######       1%          2    None
c - Confuse               Hex            ######..     1%          3    None
d - Tukima's Dance        Hex            ######..     1%          3    None
e - Dazzling Spray        Conj/Hex       ######..     1%          3    None


Dungeon Overview and Level Annotations

Branches:
Dungeon (1/1)

Altars:
Ashenzari
Cheibriados
Dithmenos
Elyvilon
Fedhas
Gozag
Kikubaaqudgha
Makhleb
Nemelex Xobeh
Okawaru
Qazlal
Ru
Sif Muna
Trog
Vehumet
Xom
Yredelemnul
Zin
The Shining One
Beogh
Jiyva
Lugonu


Innate Abilities, Weirdness & Mutations

You are tiny and cannot use many weapons and most armour.
You have supernaturally acute eyesight.
You are a herbivore.
You cover ground extremely quickly.
You need consume almost no food.


Message History

Aiming: Dazzling Spray
Press: ? - help, Shift-Dir - straight line, f/p - ice dragon
Aim: an ice dragon (heavily wounded, umbra)
The spray of energy hits the ice dragon.
The ice dragon is severely wounded.
The ice dragon is dazzled.
The spray of energy hits the sphinx.
The sphinx is heavily wounded.
Your shadow mimicks your spell!
The shadow shard hits the ice dragon.
The ice dragon completely misses you. The ice dragon completely misses you.
The ice dragon tramples you but does no damage.
The sphinx completely misses you. x3
You hit the ice dragon.
Space warps horribly around the ice dragon!
The ice dragon is almost dead.
The sphinx misses you. The sphinx barely misses you. The sphinx misses you.
The ice dragon breathes frost at you. The blast of cold hits you!
Ouch! That really hurt!
You die...

+..#....#.. +..........#
#..........#
###############..#...v#..#
.............++..........#
.............++..........#
###########..##..#....#..#
#.#[#.#.#)#..##..........+
.#)#[#.#)#+[.##.@DV......+
#|#(#)#.#)#..####H'####''#
%#)#)#)#.##..# #v[#
#''######## #%#(#.#.#.#..#
..... #..........
###########..#
.#'##.##........%.
.............##.#%)
.##..########
.............## '|% ##..#
##++########## #[: #..#
##++########## ':%# #..#


You could see an ice dragon (blind), a sphinx, a vampire mage (invisible) and 2
insubstantial wisps.

Vanquished Creatures
  Frances (D)
  A frost giant (D)
  An emperor scorpion (D)
  A merfolk impaler (D)
  A great orb of eyes (D)
  Harold (D)
  3 catoblepae (D)
  Erica (D)
  2 alligator snapping turtles (D)
  A death knight (D)
  A death yak (D)
  Urug (D)
  A shadow wraith (D)
  An orc sorcerer (D)
  A griffon (D)
  A necromancer (D)
  A wolf spider (D)
  A cyclops (D)
  A manticore (D)
  A spiny frog (D)
  A black mamba (D)
  An elephant (D)
  2 smoke demons (D)
  A gargoyle (D)
  An orange demon (D)
  2 fire drakes (D)
  A komodo dragon (D)
  2 deep elf priests (D)
  3 merfolk (D)
  4 blink frogs (D)
  4 giant leeches (D)
  A boulder beetle (D)
  A bog body (D)
  2 flying skulls (D)
  A tarantella (D)
  2 air elementals (D)
  3 redbacks (D)
  A fire bat (D)
  A wyvern (D)
  2 deep elf magi (D)
  A vampire (D)
  A basilisk (D)
  A wraith (D)
  Menkaure (D)
  A neqoxec (D)
  A deep elf fighter (D)
  An insubstantial wisp (D)
  A wolf (D)
  A water moccasin (D)
  An orc warrior (D)
  An ice beast (D)
  An eye of draining (D)
  A centaur (D)
  A sky beast (D)
  A wasp (D)
  A small abomination (D)
  A brain worm (D)
  3 killer bees (D)
  5 wights (D)
  2 gnoll shamans (D)
  3 iguanas (D)
  An orc priest (D)
  2 orc wizards (D)
  A mummy (D)
  5 gnolls (D)
  An adder (D)
  A river rat (D)
  A white imp (D)
  A giant gecko (D)
  3 orcs (D)
  2 bats (D)
  2 bat simulacra (D)
  2 bat zombies (D)
  3 jackals (D)
  2 ball pythons (D)
  A ball python skeleton (D)
  A giant newt (D)
  A goblin (D)
  A jackal skeleton (D)
  A kobold (D)
121 creatures vanquished.

Vanquished Creatures (others)
  An earth elemental (D)
  A bat skeleton (D)
2 creatures vanquished.

Grand Total: 123 creatures vanquished

Notes
Turn   | Place    | Note
--------------------------------------------------------------
     0 | D        | Kidiri the Spriggan Enchanter began the quest for the Orb.
     0 | D        | Reached XP level 1. HP: 9/9 MP: 5/5
   131 | D        | Found a sacrificial altar of Ru.
   131 | D        | Found a basalt altar of Yredelemnul.
   131 | D        | Found a shadowy altar of Dithmenos.
   131 | D        | Found a deep blue altar of Sif Muna.
   131 | D        | Found a burning altar of Makhleb.
   131 | D        | Found a shimmering altar of Xom.
   131 | D        | Found an ancient bone altar of Kikubaaqudgha.
   131 | D        | Found a sparkling altar of Nemelex Xobeh.
   132 | D        | Found a glowing golden altar of the Shining One.
   132 | D        | Found a bloodstained altar of Trog.
   132 | D        | Found a shattered altar of Ashenzari.
   132 | D        | Found a white marble altar of Elyvilon.
   132 | D        | Found a snail-covered altar of Cheibriados.
   132 | D        | Found a blossoming altar of Fedhas.
   132 | D        | Found a radiant altar of Vehumet.
   132 | D        | Found a glowing silver altar of Zin.
   132 | D        | Found a corrupted altar of Lugonu.
   132 | D        | Found a viscous altar of Jiyva.
   132 | D        | Found a roughly hewn altar of Beogh.
   132 | D        | Found an iron altar of Okawaru.
   135 | D        | Became a worshipper of Dithmenos the Shadowed
   139 | D        | Found a stormy altar of Qazlal.
   139 | D        | Found an opulent altar of Gozag.
   170 | D        | Reached skill level 5 in Stealth
   170 | D        | Reached XP level 2. HP: 13/13 MP: 5/7
   173 | D        | Reached skill level 1 in Invocations
   195 | D        | Learned a level 2 spell: Ensorcelled Hibernation
   197 | D        | Noticed a brain worm
   202 | D        | Acquired Dithmenos's first power
   202 | D        | Reached skill level 5 in Dodging
   208 | D        | Killed a brain worm
   208 | D        | Reached skill level 6 in Dodging
   208 | D        | Reached skill level 7 in Stealth
   208 | D        | Reached skill level 1 in Ice Magic
   208 | D        | Reached XP level 3. HP: 16/16 MP: 8/10
   208 | D        | Reached XP level 4. HP: 21/21 MP: 8/11
   232 | D        | Learned a level 3 spell: Confuse
   236 | D        | Learned a level 3 spell: Tukima's Dance
   240 | D        | Learned a level 3 spell: Dazzling Spray
   512 | D        | Reached skill level 5 in Spellcasting
   512 | D        | Reached skill level 5 in Hexes
   606 | D        | Noticed a flying skull
   606 | D        | Noticed an iguana
   607 | D        | Noticed a wolf
   611 | D        | Noticed an orc wizard
   623 | D        | Noticed an iguana
   651 | D        | HP: 1/21 [flying skull (6)]
   661 | D        | Killed a flying skull
   661 | D        | Acquired Dithmenos's second power
   661 | D        | Reached skill level 8 in Dodging
   661 | D        | Reached skill level 9 in Stealth
   661 | D        | Reached skill level 1 in Conjurations
   661 | D        | Reached XP level 5. HP: 21/24 MP: 3/15
   768 | D        | Noticed an iguana
   772 | D        | Noticed an orc wizard
   781 | D        | Killed an iguana
   781 | D        | Reached XP level 6. HP: 28/28 MP: 10/17
   788 | D        | Killed a wolf
   788 | D        | Reached skill level 10 in Stealth
   791 | D        | Killed an orc wizard
   792 | D        | Killed an orc wizard
   792 | D        | Acquired Dithmenos's third power
   811 | D        | Killed an iguana
   811 | D        | Reached skill level 5 in Short Blades
  1054 | D        | Killed an iguana
  1068 | D        | Noticed a gnoll shaman
  1070 | D        | Killed a gnoll shaman
  1073 | D        | Noticed a death yak
  1723 | D        | Killed a death yak
  1723 | D        | Reached skill level 11 in Dodging
  1723 | D        | Reached skill level 12 in Stealth
  1723 | D        | Reached skill level 5 in Invocations
  1723 | D        | Reached XP level 7. HP: 14/32 MP: 19/21
  1723 | D        | Reached XP level 8. HP: 15/36 MP: 19/22
  1961 | D        | Noticed a sky beast
  1970 | D        | Killed a sky beast
  1970 | D        | Acquired Dithmenos's fourth power
  1986 | D        | Noticed a shadow wraith
  1997 | D        | Killed a shadow wraith
  1997 | D        | Reached skill level 13 in Stealth
  1997 | D        | Reached skill level 10 in Spellcasting
  2206 | D        | Noticed a blink frog
  2206 | D        | Noticed a blink frog
  2206 | D        | Noticed a blink frog
  2206 | D        | Noticed a wraith
  2208 | D        | Noticed a blink frog
  2209 | D        | Killed a blink frog
  2215 | D        | Killed a blink frog
  2215 | D        | Reached skill level 14 in Stealth
  2215 | D        | Reached skill level 5 in Ice Magic
  2215 | D        | Reached XP level 9. HP: 21/39 MP: 11/24
  2223 | D        | Killed a blink frog
  2227 | D        | Killed a blink frog
  2228 | D        | Killed a wraith
  2372 | D        | Noticed a deep elf fighter
  2373 | D        | Noticed a giant leech
  2373 | D        | Noticed a gargoyle
  2373 | D        | Noticed a deep elf mage
  2373 | D        | Noticed a deep elf priest
  2374 | D        | Noticed a deep elf mage
  2374 | D        | Noticed a basilisk
  2375 | D        | Killed a deep elf fighter
  2376 | D        | Killed a deep elf mage
  2377 | D        | Noticed a smoke demon
  2378 | D        | Killed a deep elf priest
  2381 | D        | Killed a giant leech
  2381 | D        | Reached skill level 15 in Stealth
  2383 | D        | HP: 1/39 [smoke demon/divine providence (11)]
  2394 | D        | Killed a deep elf mage
  2419 | D        | Noticed an eye of draining
  2420 | D        | Killed a smoke demon
  2420 | D        | Reached skill level 5 in Conjurations
  2423 | D        | Noticed a bog body
  2425 | D        | Killed an eye of draining
  2463 | D        | Noticed a smoke demon
  2481 | D        | Killed a gargoyle
  2481 | D        | Reached XP level 10. HP: 21/44 MP: 1/27
  2482 | D        | Noticed a giant leech
  2487 | D        | Noticed a wyvern
  2660 | D        | Killed a giant leech
  2661 | D        | Noticed a fire bat
  2663 | D        | Killed a wyvern
  2665 | D        | Killed a basilisk
  2665 | D        | Reached skill level 16 in Stealth
  2666 | D        | Noticed an alligator snapping turtle
  2673 | D        | Killed a fire bat
  2697 | D        | Killed an alligator snapping turtle
  2697 | D        | Reached skill level 15 in Dodging
  2697 | D        | Reached skill level 10 in Hexes
  2709 | D        | Noticed a killer bee
  2714 | D        | Noticed a killer bee
  2714 | D        | Noticed Menkaure
  2715 | D        | Noticed an elephant
  2715 | D        | Noticed a cyclops
  2715 | D        | Noticed a killer bee
  2716 | D        | Killed a killer bee
  2717 | D        | Killed a killer bee
  2719 | D        | Killed a killer bee
  2854 | D        | Killed an elephant
  2858 | D        | Killed a cyclops
  2872 | D        | Killed Menkaure
  3033 | D        | Noticed a wight
  3034 | D        | Noticed a giant leech
  3034 | D        | Noticed a wight
  3034 | D        | Noticed a wight
  3034 | D        | Noticed a wight
  3034 | D        | Noticed a wight
  3034 | D        | Noticed an earth elemental
  3034 | D        | Noticed a manticore
  3034 | D        | Noticed an air elemental
  3034 | D        | Noticed a merfolk
  3035 | D        | Killed a wight
  3036 | D        | Killed a wight
  3038 | D        | Killed an air elemental
  3040 | D        | Killed a manticore
  3040 | D        | Reached skill level 17 in Stealth
  3042 | D        | Killed a merfolk
  3049 | D        | Killed a giant leech
  3056 | D        | Killed a wight
  3062 | D        | Killed a wight
  3062 | D        | Killed a wight
  3063 | D        | Banished an earth elemental
  3275 | D        | Noticed an orc sorcerer
  3275 | D        | Noticed a water moccasin
  3275 | D        | Noticed an air elemental
  3275 | D        | Noticed an ice beast
  3275 | D        | Noticed a gnoll shaman
  3275 | D        | Noticed a wasp
  3276 | D        | Noticed a komodo dragon
  3276 | D        | Noticed an orc warrior
  3276 | D        | Noticed an orc priest
  3277 | D        | Killed an orc sorcerer
  3277 | D        | Reached XP level 11. HP: 47/47 MP: 24/29
  3279 | D        | Killed an orc priest
  3281 | D        | Killed a komodo dragon
  3283 | D        | Killed an orc warrior
  3290 | D        | Noticed an orange demon
  3292 | D        | Killed a water moccasin
  3297 | D        | Noticed Harold
  3300 | D        | Killed an air elemental
  3301 | D        | Killed a gnoll shaman
  3303 | D        | Killed a wasp
  3331 | D        | Killed an orange demon
  3338 | D        | Killed an ice beast
  3338 | D        | Reached skill level 18 in Stealth
  3350 | D        | Killed Harold
  3410 | D        | Killed a smoke demon
  3415 | D        | Killed a bog body
  3415 | D        | Reached skill level 10 in Short Blades
  3559 | D        | Noticed a flying skull
  3560 | D        | Noticed a fire drake
  3562 | D        | Killed a flying skull
  3563 | D        | Killed a fire drake
  3590 | D        | Noticed a redback
  3590 | D        | Noticed a wolf spider
  3590 | D        | Noticed a spiny frog
  3594 | D        | Killed a spiny frog
  3596 | D        | Killed a redback
  3599 | D        | Killed a wolf spider
  3670 | D        | Noticed a neqoxec
  3674 | D        | Killed a neqoxec
  3686 | D        | Noticed a vampire
  3687 | D        | Noticed a giant leech
  3688 | D        | Killed a vampire
  3688 | D        | Reached skill level 15 in Spellcasting
  3693 | D        | Killed a giant leech
  3742 | D        | Noticed a catoblepas
  3744 | D        | Killed a catoblepas
  3744 | D        | Reached skill level 19 in Stealth
  3864 | D        | Noticed a frost giant
  3864 | D        | Noticed a tarantella
  3866 | D        | Killed a frost giant
  3867 | D        | Noticed a centaur
  3868 | D        | Killed a tarantella
  3869 | D        | Killed a centaur
  3871 | D        | Noticed a fire drake
  3871 | D        | Noticed Urug
  3872 | D        | Killed a fire drake
  3873 | D        | Noticed a small abomination
  3873 | D        | Noticed a redback
  3874 | D        | Killed Urug
  3875 | D        | Killed a small abomination
  3876 | D        | Noticed a death knight
  3876 | D        | Noticed a deep elf priest
  3876 | D        | Noticed an emperor scorpion
  3877 | D        | Killed a redback
  3878 | D        | Killed a death knight
  3878 | D        | Reached XP level 12. HP: 51/51 MP: 32/32
  3879 | D        | Noticed an alligator snapping turtle
  3879 | D        | Noticed a catoblepas
  3880 | D        | Killed a deep elf priest
  3881 | D        | Killed a catoblepas
  3881 | D        | Reached skill level 20 in Stealth
  3882 | D        | Noticed a redback
  3882 | D        | Noticed a black mamba
  3882 | D        | Noticed a catoblepas
  3883 | D        | Killed an alligator snapping turtle
  3884 | D        | Killed a redback
  3885 | D        | Noticed a merfolk impaler
  3886 | D        | Killed a catoblepas
  3887 | D        | Killed a merfolk impaler
  3888 | D        | Noticed Erica
  3888 | D        | Noticed a merfolk
  3891 | D        | Killed a black mamba
  3894 | D        | Killed a merfolk
  3896 | D        | Noticed a griffon
  3897 | D        | Killed an emperor scorpion
  3899 | D        | Noticed a great orb of eyes
  3917 | D        | Killed Erica
  3953 | D        | Noticed a necromancer
  3956 | D        | Killed a great orb of eyes
  3956 | D        | Reached skill level 21 in Stealth
  3960 | D        | Killed a necromancer
  3961 | D        | Noticed a merfolk
  3967 | D        | Killed a merfolk
  3968 | D        | Noticed a sun demon
  3988 | D        | Noticed a boulder beetle
  3990 | D        | Killed a griffon
  3997 | D        | Killed a boulder beetle
  4135 | D        | Noticed Frances
  4135 | D        | Noticed an insubstantial wisp
  4135 | D        | Noticed an insubstantial wisp
  4135 | D        | Noticed an ice dragon
  4135 | D        | Noticed a sphinx
  4136 | D        | Noticed an insubstantial wisp
  4140 | D        | Noticed an apis
  4140 | D        | Killed an insubstantial wisp
  4142 | D        | Noticed a vampire mage
  4144 | D        | Killed Frances
  4156 | D        | Killed from afar by an ice dragon

Vault maps used:
D:        pitsprint

Action                   |  1- 3 |  4- 6 |  7- 9 | 10-12 || total
-------------------------+-------+-------+-------+-------++-------
Melee: Dagger            |    31 |    55 |    18 |       ||   104
       Rapier            |       |       |    24 |   121 ||   145
 Cast: Corona            |     4 |       |     2 |     3 ||     9
       Dazzling Spray    |       |    19 |    14 |    35 ||    68
       Ensorcelled Hiber |       |    11 |    15 |    31 ||    57
       Confuse           |       |     2 |       |     2 ||     4
       Tukima's Dance    |       |       |       |     1 ||     1
Invok: Shadow Step       |       |       |     4 |    14 ||    18
  Use: Potion            |     1 |     4 |     2 |     1 ||     8
       Scroll            |       |       |       |     4 ||     4
 Stab: Sleeping          |     6 |     3 |    11 |    51 ||    71
       Confused          |       |     2 |       |     1 ||     3
       Invisible         |       |     2 |     1 |     5 ||     8
  Eat: Bread ration      |       |       |     1 |       ||     1
